 Dungeon Crawl Stone Soup version 0.27-a0-328-g7f782ed93a (webtiles) character file.

Game seed: 15514826521640573056

160 Chiseanne the Covert (level 5, -2/40 HPs)
             Began as a Spriggan Delver on Feb 11, 2021.
             Slain by a black bear (3 damage)
             ... on level 4 of the Dungeon.
             The game lasted 00:08:44 (1833 turns).

Chiseanne the Covert (Spriggan Delver)              Turns: 1833, Time: 00:08:44

Health: -2/40      AC:  3    Str:  8    XL:     5   Next: 17%
Magic:  6/6        EV: 20    Int: 11    God:
Gold:   66         SH:  0    Dex: 18    Spells: 4/4 levels left

rFire    . . .     SeeInvis +   a - +0 short sword
rCold    . . .     Faith    .   (shield restricted)
rNeg     . . .     Spirit   .   b - +1 robe
rPois    .         Reflect  .   (helmet restricted)
rElec    .         Harm     .   (no cloak)
rCorr    .         Rampage  .   (gloves unavailable)
Will     .....                  (boots unavailable)
Stlth    ..........             (no amulet)
HPRegen  0.13/turn              (no ring)
MPRegen  0.10/turn              (no ring)

@: mighty, berserking (expiring), lethally poisoned (-2 -> -8), very quick
A: very small, unfitting armour, see invisible, speed 3
a: no special abilities


You were on level 4 of the Dungeon.
You visited 1 branch of the dungeon, and saw 5 of its levels.

You collected 66 gold pieces.

Inventory:

Hand Weapons
 a - a +0 short sword (weapon)
Missiles
 h - 50 bolts
 i - 5 boomerangs (quivered)
 j - 105 stones
 s - 5 curare-tipped darts
Armour
 b - a +1 robe (worn)
Magical Staves
 q - a staff of air {unknown}
Jewellery
 k - a ring of flight {unknown}
Wands
 g - a wand of digging (12)
Scrolls
 c - 3 scrolls of fog
 d - 3 scrolls of magic mapping
 e - a scroll of fear
 n - 2 scrolls of blinking
Potions
 f - 2 potions of haste
 m - a potion of invisibility
 o - a potion of degeneration {unknown}


   Skills:
 - Level 2.4 Fighting
 * Level 3.9 Short Blades
 * Level 4.6 Dodging
 * Level 8.6 Stealth


You had 4 spell levels left.
You didn't know any spells.
Your spell library was empty.

Dungeon Overview and Level Annotations

Branches:
Dungeon (6/15)
 Temple: D:4-7

Altars:
Xom

Annotations:
D:3 exclusion: downstairs
D:4 exclusions: orc priest and orc wizard
D:5 Dowan, Duvessa
D:6 Eustachio, Grinder


Innate Abilities, Weirdness & Mutations

You are very small and have problems with some larger weapons.
You are too small for most types of armour.
You have supernaturally acute eyesight. (SInv)
You cover ground extremely quickly.


Message History

The black bear is almost dead.
The black bear looks more energetic.
The adder completely misses you.
You feel sick.
You feel sick.
You feel very mighty all of a sudden.
You miss the adder. The adder misses you.
You hit the adder.
The adder is heavily wounded.
The adder misses you.
You closely miss the adder.
The adder is heavily wounded.
You feel sick. The adder bites you.
You are more poisoned.
The adder poisons you!
You barely miss the adder.
The adder is heavily wounded.
The adder bites you but does no damage. The adder bites you.
You are lethally poisoned!
The adder poisons you!
You puncture the adder!
You kill the adder!
You feel sick.
The black bear goes berserk!
It was a potion of berserk rage.
A red film seems to cover your vision as you go berserk!
You feel yourself moving faster!
You feel mighty!
You feel sick.
You feel a strong urge to attack something.
You feel sick. The black bear closely misses you.
The black bear completely misses you. The black bear closely misses you.
You barely miss the black bear.
The black bear is almost dead.
The black bear closely misses you. The black bear claws you.
* * * LOW HITPOINT WARNING * * *
The black bear closely misses you.
You closely miss the black bear.
The black bear is severely wounded.
* * * LOW HITPOINT WARNING * * *
You feel sick. The black bear bites you.
* * * LOW HITPOINT WARNING * * *
The black bear closely misses you. The black bear claws you.
You die...

............###..##..........#...
............##..###..........#...
.........#..#................##..
........##....##.................
##..............................#
##....#......................####
##......#....................#
........#..###.h.........##..#
..###......#####@##..##...####
........h...##.)...........#
......<...............#....#
......................##...#
......................###.##
...(.((.(.......#......####
.......###............##
.##.....##............#
.###.......#.##..#...##


You could see a black bear (berserk).

Vanquished Creatures
  An ogre (D:4)
  5 adders
  A worm (D:4)
  2 dart slugs
  A leopard gecko (D:3)
  An orc (D:3)
  2 goblins (D:3)
  A hobgoblin (D:2)
  4 jackals (D:3)
  2 kobolds
  A quokka (D:4)
  A frilled lizard (D:4)
  2 leopard gecko skeletons (D:4)
  A rat (D:3)
25 creatures vanquished.

Notes
Turn   | Place    | Note
-------+----------+-------------------------------------------
     0 | D:5      | Chiseanne the Spriggan Delver began the quest for the Orb.
     0 | D:5      | Reached XP level 1. HP: 11/11 MP: 2/2
    13 | D:5      | Noticed a phantom
    30 | D:6      | Noticed Grinder
    30 | D:6      | Noticed Eustachio
    39 | D:5      | Found a shimmering altar of Xom.
    40 | D:5      | Noticed a black bear
    46 | D:5      | Noticed a scorpion
    49 | D:5      | Noticed a hound
   240 | D:3      | Reached XP level 2. HP: 15/16 MP: 3/3
   354 | D:5      | Noticed Duvessa
   354 | D:5      | Noticed Dowan
   887 | D:3      | Reached XP level 3. HP: 13/19 MP: 4/4
  1484 | D:4      | Noticed a lemure
  1488 | D:4      | Noticed an ogre
  1543 | D:4      | Killed an ogre
  1544 | D:4      | Reached skill level 8 in Stealth
  1544 | D:4      | Reached XP level 4. HP: 23/23 MP: 5/5
  1560 | D:4      | Reached XP level 5. HP: 27/27 MP: 6/6
  1669 | D:4      | Noticed a lemure
  1671 | D:4      | Noticed a lemure
  1833 | D:4      | HP: 1/40 [black bear (5)]
  1833 | D:4      | Slain by a black bear

Illustrated notes

Levels and vault maps discovered:
D:2:      layout_basic, nicolae_overflow_crystal_walls, led_sif_pool,
          chequers_serial_rivers_room_a
D:3:      layout_basic, minmay_splitting_lines
D:4:      layout_cave_pools, uniq_pikel
D:5:      layout_basic, grunt_temple_overflow_open, uniq_duvessa,
          uniq_prince_ribbit1, uniq_ijyb
D:6:      layout_loops_ring, tso_oasis_becter, minmay_fractal_squares_5,
          uniq_grinder, uniq_eustachio

Skill      XL: |  1  2  3 |
---------------+----------+-----
Dodging        | 3 4 |  4.6
Short Blades   | 3 |  3.9
Stealth        | 8 |  8.6
Fighting       | |  2.4

Action                   |  1- 3 |  4- 6 || total
-------------------------+-------+-------++-------
Melee: Short sword       |    61 |    29 ||    90
Throw: Dart              |    27 |    18 ||    45
       Stone             |     2 |       ||     2
       Boomerang         |    10 |     9 ||    19
  Use: Scroll            |       |     4 ||     4
       Potion            |       |     2 ||     2
 Stab: Sleeping          |     4 |     3 ||     7
Armor: Robe              |     6 |     2 ||     8
Dodge: Dodged            |    49 |    26 ||    75

Table legend: (Time is in decaauts)
 A = Elapsed time spent in this place.
 B = Non-inter-level travel time spent in this place.
 C = Inter-level travel time spent in this place.
 D = Time resting spent in this place.
 E = Time spent auto-exploring this place.
 F = Levels seen in this place.
 G = Mean time per level.
                   A        B        C        D        E       F      G
               +--------+--------+--------+--------+--------+-----+--------+
         Total |   1524 |   1524 |      0 |    794 |      0 |   5 |  304.8 |
       Dungeon |   1524 |   1524 |      0 |    794 |      0 |   5 |  304.8 |
               +--------+--------+--------+--------+--------+-----+--------+

Top non-repeatable levels by time:
     D:3: 933 daAuts
     D:4: 496 daAuts
     D:5: 46 daAuts
     D:2: 44 daAuts
     D:6: 2 daAuts
